 Dungeon Crawl Stone Soup version 0.15-a0-1253-g15b4f57 (webtiles) character file.

121 Quh the Sneak (level 4, -6/30 HPs)
             Began as a Vampire Enchanter on June 4, 2014.
             Mangled by Natasha (7 damage)
             ... on Level 4 of the Dungeon.
             The game lasted 00:14:21 (3868 turns).

Quh the Sneak (Vampire Enchanter)                   Turns: 3868, Time: 00:14:21

HP  -6/30        AC  3     Str  7      XL: 4   Next: 77%
MP   5/8         EV 13     Int 17      God:
Gold 134         SH  0     Dex 15      Spells:  3 memorised,  2 levels left

rFire  . . .     SeeInvis +     a - +1 dagger
rCold  . . .     Clarity  .     b - +1 robe
rNeg   + . .     rCorr    .     (no shield)
rPois  .         rRot     .     (no helmet)
rElec  .         Spirit   .     (no cloak)
SustAb .         Warding  .     (no gloves)
rMut   .         Stasis   .     (no boots)
Gourm  .                        (no amulet)
MR     .....                    (no ring)
                                (no ring)

@: slowed, very slow, not resistant to hostile enchantments, stealthy
A: fangs 3, see invisible, unbreathing
a: Bat Form


You were on level 4 of the Dungeon.
You were not thirsty.

You visited 1 branch of the dungeon, and saw 4 of its levels.

You collected 134 gold pieces.

Inventory:

Hand weapons
 a - a +1,+1 dagger (weapon)
 i - a +0,+0 dagger
 o - a +0,+0 short sword
 p - a +0,+0 dagger
 u - a +0,+0 dagger
Missiles
 g - 70 stones (quivered)
Armour
 b - a +1 robe (worn)
 e - a +0 leather armour
Scrolls
 d - a scroll of fear {unknown}
 h - 3 scrolls of remove curse {unknown}
 j - a scroll of blinking {unknown}
 k - 2 scrolls of identify {unknown}
 n - a scroll of amnesia {unknown}
 q - 2 scrolls of immolation {unknown}
 r - a scroll of fog {unknown}
 t - a scroll of recharging {unknown}
Jewellery
 f - an uncursed amulet of clarity {unknown}
Potions
 l - a potion of heal wounds {unknown}
 m - a potion of might {unknown}
 s - a potion of brilliance {unknown}
Books
 c - a book of Maledictions

   Spells                             Type                      Level
   *Corona                            Hexes                        1
   *Sure Blade                        Hexes/Charms                 2
   *Ensorcelled Hibernation           Hexes/Ice                    2
   Confuse                            Hexes                        3
   Dazzling Spray                     Conjuration/Hexes            3
   Enslavement                        Hexes                        4


   Skills:
 * Level 2.5 Short Blades
 + Level 2.7 Dodging
 * Level 6.0 Stealth
 + Level 2.3 Spellcasting
 * Level 5.4 Hexes


You had 2 spell levels left.
You knew the following spells:

 Your Spells              Type           Power        Failure   Level  Hunger
a - Corona                Hex            ###....      1%          1    #......
b - Ensorcelled Hibernat  Hex/Ice        ##....       12%         2    ##.....
c - Sure Blade            Hex/Chrm       ##........   12%         2    ##.....


Dungeon Overview and Level Annotations

Branches:
Dungeon (4/15)
 Temple: D:4-7

Altars:

Annotations:
D:4 Natasha


Innate Abilities, Weirdness & Mutations

You have razor-sharp teeth.*
You have supernaturally acute eyesight.
You can survive without breathing.*


Message History

There is a stone staircase leading up here.
You climb upwards.
Level annotation: Natasha The crimson imp hits you but does no damage.
Natasha growls.
The crimson imp hits you but does no damage.
The crimson imp blinks!
Natasha claws you.
* * * LOW HITPOINT WARNING * * *
The crimson imp completely misses you.
There is a stone staircase leading down here.
Natasha casts a spell at you. You resist.
The crimson imp blinks!
You climb downwards.
There is a stone staircase leading up here.
You hit Natasha. Your bite misses Natasha.
Natasha is lightly wounded.
Natasha claws you.
* * * LOW HITPOINT WARNING * * *
Natasha claws you!
You die...

..# #..# #..#
#... #..# #..# #
######..###.##.
...........?.....
........@........
..######h..#.##.#
#...# ....# #..##
..!# ##.# .# .


You could see Natasha.

Vanquished Creatures
  6 adders
  A worm (D:2)
  2 giant geckos
  2 oozes
  2 ball pythons (D:2)
  10 bats
  3 giant cockroaches
  6 hobgoblins
  6 jackals
  7 kobolds
  3 giant newts
  4 goblins
  A quokka (D:2)
  9 rats
62 creatures vanquished.

Notes
Turn   | Place    | Note
--------------------------------------------------------------
     0 | D:1      | Quh, the Vampire Enchanter, began the quest for the Orb.
     0 | D:1      | Reached XP level 1. HP: 13/13 MP: 3/3
   404 | D:1      | Reached XP level 2. HP: 19/19 MP: 4/4
   408 | D:1      | Learned a level 2 spell: Ensorcelled Hibernation
   411 | D:1      | Learned a level 2 spell: Sure Blade
   452 | D:1      | Reached skill level 5 in Stealth
  1353 | D:2      | Reached XP level 3. HP: 24/24 MP: 6/6
  1923 | D:2      | Reached skill level 5 in Hexes
  3188 | D:2      | Reached XP level 4. HP: 30/30 MP: 7/7
  3211 | D:2      | Reached skill level 6 in Stealth
  3714 | D:3      | Noticed Natasha
  3868 | D:4      | HP: 1/30 [Natasha (4)]
  3868 | D:4      | Mangled by Natasha

Action                   |  1- 3 |  4- 6 || total
-------------------------+-------+-------++-------
Melee: Dagger            |   142 |    30 ||   172
 Cast: Ensorcelled Hiber |    25 |    10 ||    35
       Sure Blade        |     4 |       ||     4
       Corona            |     4 |     1 ||     5
 Stab: Sleeping          |    19 |    13 ||    32
